 Dungeon Crawl Stone Soup version 0.31-a0-750-gfe7b580 (webtiles) character file.

Game seed: 14345861798274324514

795 BarneyGumball the Chucker (level 7, -1/56 HPs)
             Began as a Gnoll Wanderer on Sept 14, 2023.
             Was a Believer of Nemelex Xobeh.
             Slain by an ice beast (14 damage)
             ... on level 5 of the Dungeon.
             The game lasted 00:12:12 (4124 turns).

BarneyGumball the Chucker (Gnoll Wanderer)          Turns: 4124, Time: 00:12:12

Health: -1/56      AC:  3    Str: 13    XL:     7   Next: 89%
Magic:  13/13      EV: 12    Int:  8    God:    Nemelex Xobeh [**....]
Gold:   239        SH:  0    Dex: 15    Spells: 13/14 levels left

rFire   . . .        b - +1 flail (drain)
rCold   . . .        p - orb {light}
rNeg    . . .        e - +0 leather armour
rPois   .            (helmet currently unavailable)
rElec   .            (cloak currently unavailable)
rCorr   .            (gloves currently unavailable)
SInv    .            (boots currently unavailable)
Will    .....        (no amulet)
Stlth   +            (no ring)
HPRegen 0.29/turn    (no ring)
MPRegen 0.13/turn

%: no passive effects
@: beast-form, glowing
A: beast (slay +1), fangs 1, strong nose, distributed training
a: Begin Untransformation, Renounce Religion, Draw Escape, Draw Destruction,
Draw Summoning


You were on level 5 of the Dungeon.
You worshipped Nemelex Xobeh.
Nemelex Xobeh was pleased with you.
You were a hulking beast.
You visited 1 branch of the dungeon, and saw 5 of its levels.
You also visited: Sewer.

You collected 239 gold pieces.

Inventory:

Hand Weapons
 a - a +3 sling
 b - a +1 flail of draining (weapon)
 j - a +0 dagger of freezing
Missiles
 t - 5 poisoned darts
 A - 8 boomerangs
Armour
 e - a +0 leather armour (worn)
 p - an orb of light (worn)
 B - a +0 helmet
Jewellery
 m - a ring of ice
Talismans
 k - a beast talisman (active)
Wands
 n - a wand of light (18)
Scrolls
 f - 2 scrolls of teleportation
 g - a scroll of identify {unknown}
 i - a scroll of torment
 l - a scroll of noise {unknown}
 q - 2 scrolls of summoning
 s - a scroll of enchant armour {unknown}
 x - a scroll of blinking {unknown}
 y - a scroll of poison {unknown}
 z - a scroll of enchant weapon
Potions
 c - 2 potions of curing {unknown}
 d - 3 potions of heal wounds
 h - 2 potions of enlightenment {unknown}
 o - a potion of brilliance {unknown}
 r - a potion of degeneration {unknown}
 u - a potion of haste {unknown}
 v - 2 potions of magic {unknown}
 w - a potion of invisibility {unknown}


   Skills:
 + Level 5.4 Fighting
 + Level 2.8 Short Blades
 + Level 2.8 Long Blades
 + Level 2.8 Axes
 + Level 2.8 Maces & Flails
 + Level 2.8 Polearms
 + Level 2.8 Staves
 + Level 5.4 Ranged Weapons
 + Level 7.2 Throwing
 + Level 2.8 Armour
 + Level 2.8 Dodging
 + Level 3.7 Stealth
 + Level 2.8 Shields
 + Level 2.8 Unarmed Combat
 + Level 4.0 Spellcasting
 + Level 2.3 Conjurations
 + Level 2.3 Hexes
 + Level 3.2 Summonings
 + Level 2.3 Necromancy
 + Level 2.3 Translocations
 + Level 2.3 Transmutations
 + Level 2.3 Fire Magic
 + Level 2.3 Ice Magic
 + Level 2.3 Air Magic
 + Level 2.3 Earth Magic
 + Level 2.3 Poison Magic
 + Level 3.1 Invocations
 + Level 2.8 Evocations
 + Level 2.5 Shapeshifting


You had 13 spell levels left.
You knew the following spells:

 Your Spells              Type           Power      Damage    Failure   Level
a - Summon Small Mammal   Summ           24%        N/A       10%         1

Your spell library contained the following spells:

 Spells                   Type           Power      Damage    Failure   Level
 Call Canine Familiar     Summ           6%         N/A       30%         3


Dungeon Overview and Level Annotations

Branches:
Dungeon (5/15)              Sewer (visited)
 Temple: D:4-7

Altars:
Nemelex Xobeh
Okawaru
Sif Muna
Wu Jian
Zin

Annotations:
D:4 3 runed translucent doors, exclusion: 3 doors, Caterwaul's ghost, amateur HuMo; Gantaknows's ghost, amateur DsFi; PiratePeteNZ's ghost, amateur DrVM; PiratePeteNZ's ghost, novice DrVM; edsrzf's ghost, amateur GnRe


Innate Abilities, Weirdness & Mutations

You are a hulking beast.
Your limbs bulge with bestial killing power. (Slay +1)
You have very sharp teeth.
Your uncanny sense of smell can sniff out nearby items.
Your experience applies equally to all skills.


Message History

Your body is wracked with pain!
It was a scroll of torment.
As you read the scroll labelled BATZOGH QUHYA, it crumbles to dust.
Wisps of shadow whirl around you...
It was a scroll of summoning.
As you read the scroll labelled SEMOTR QIYCK, it crumbles to dust.
It is a scroll of enchant weapon.
Your +2 sling glows red for a moment.
You can't wear that in your present form.
Your quokka dissolves into shadows!
Your howler monkey dissolves into shadows!
Your hound dissolves into shadows!
HP restored.
An ice beast comes into view.
You shoot a sling bullet.
The sling bullet barely misses the ice beast.
You shoot a sling bullet.
The sling bullet barely misses the ice beast.
You shoot a sling bullet.
The sling bullet closely misses the ice beast.
You shoot a sling bullet.
The sling bullet barely misses the ice beast.
You shoot a sling bullet. The sling bullet hits the ice beast.
The ice beast is lightly wounded.
The ice beast hits you. The ice beast freezes you!
You shoot a sling bullet. The sling bullet hits the ice beast.
The ice beast is moderately wounded.
The ice beast closely misses you.
You shoot a sling bullet.
The sling bullet barely misses the ice beast.
The ice beast hits you. The ice beast freezes you!
You shoot a sling bullet. The sling bullet hits the ice beast.
The ice beast is heavily wounded.
The ice beast hits you. The ice beast freezes you!
* * * LOW HITPOINT WARNING * * *
You sense an unholy aura.
b - a +1 flail of draining (weapon)
The ice beast hits you.
* * * LOW HITPOINT WARNING * * *
The ice beast freezes you!
You die...
Your body glows slightly brighter and disappears.

#.... .....#
...........+ .
#...##.....#
..###...##.....###
..................
..................
..................
.........<........
...<..Yh.......##
#..##...##.....#
#...########
[..... ........
..........
##########


You could see an ice beast.

Vanquished Creatures
  Edmund (D:4)
  A phantom (D:4)
  2 kobold brigands (Sewer)
  4 orc priests
  An iguana (D:4)
  An orc wizard (D:2)
  7 adders
  A gnoll (D:4)
  5 river rats
  A worm (D:2)
  4 dart slugs
  9 orcs
  14 ball pythons
  8 endoplasms
  4 giant cockroaches
  7 goblins
  7 hobgoblins
  2 jackals (Sewer)
  5 quokkas
  5 bats
  4 frilled lizards
  7 kobolds
  5 rats
105 creatures vanquished.

Vanquished Creatures (collateral kills)
  A hound (D:4)
  3 gnolls (D:4)
  A river rat (Sewer)
  An adder (Sewer)
  A ball python (Sewer)
  5 jackals (Sewer)
12 creatures vanquished.

Grand Total: 117 creatures vanquished

Notes
Turn   | Place    | Note
-------+----------+-------------------------------------------
     0 | D:1      | BarneyGumball the Gnoll Wanderer began the quest for the
                  | Orb.
     0 | D:1      | BarneyGumball set off with the following items: a +2 sling,
                  | 7 boomerangs, a +0 dagger, a potion of heal wounds, a +0
                  | leather armour; and the following spell memorised: Summon
                  | Small Mammal; and the following spells available to
                  | memorise: Call Canine Familiar.
     0 | D:1      | Reached XP level 1. HP: 20/20 MP: 4/4
   167 | D:1      | Reached XP level 2. HP: 26/26 MP: 5/5
   356 | D:1      | Reached XP level 3. HP: 30/31 MP: 7/7
   385 | D:1      | Found a faded altar of an unknown god.
   394 | D:1      | Prayed at the altar of an unknown god.
   394 | D:1      | Became a worshipper of Nemelex Xobeh the Trickster
   394 | D:1      | Reached * piety under Nemelex Xobeh
   903 | D:2      | Reached skill level 1 in Invocations
   949 | D:2      | Reached skill level 1 in Short Blades
   949 | D:2      | Reached skill level 1 in Long Blades
   949 | D:2      | Reached skill level 1 in Axes
   949 | D:2      | Reached skill level 1 in Maces & Flails
   949 | D:2      | Reached skill level 1 in Polearms
   949 | D:2      | Reached skill level 1 in Staves
   949 | D:2      | Reached skill level 1 in Armour
   949 | D:2      | Reached skill level 1 in Dodging
   949 | D:2      | Reached skill level 1 in Shields
   949 | D:2      | Reached skill level 1 in Unarmed Combat
   949 | D:2      | Reached skill level 1 in Evocations
   954 | D:2      | Received a gift from Nemelex Xobeh
  1049 | D:2      | Reached skill level 1 in Shapeshifting
  1049 | D:2      | Reached XP level 4. HP: 38/38 MP: 8/8
  1193 | D:2      | Reached skill level 1 in Conjurations
  1193 | D:2      | Reached skill level 1 in Hexes
  1193 | D:2      | Reached skill level 1 in Necromancy
  1193 | D:2      | Reached skill level 1 in Translocations
  1193 | D:2      | Reached skill level 1 in Transmutations
  1193 | D:2      | Reached skill level 1 in Fire Magic
  1193 | D:2      | Reached skill level 1 in Ice Magic
  1193 | D:2      | Reached skill level 1 in Air Magic
  1193 | D:2      | Reached skill level 1 in Earth Magic
  1193 | D:2      | Reached skill level 1 in Poison Magic
  1199 | D:2      | Reached XP level 5. HP: 43/43 MP: 9/9
  1761 | D:3      | Found an ornate altar of the Wu Jian Council.
  1861 | D:3      | Found a shimmering blue altar of Sif Muna.
  1889 | D:3      | Found a sparkling altar of Nemelex Xobeh.
  2169 | D:3      | Reached ** piety under Nemelex Xobeh
  2218 | D:3      | Found a glowing silver altar of Zin.
  2236 | D:3      | Reached XP level 6. HP: 49/50 MP: 10/10
  2263 | D:3      | Found a glowing drain.
  2269 | Sewer    | Entered a sewer
  2291 | Sewer    | Reached skill level 5 in Fighting
  2291 | Sewer    | Reached skill level 5 in Ranged Weapons
  2832 | Sewer    | Reached XP level 7. HP: 56/56 MP: 12/12
  3136 | D:4      | Received a gift from Nemelex Xobeh
  3150 | D:4      | Reached skill level 7 in Throwing
  3369 | D:4      | Found a runed translucent gate.
  3369 | D:4      | Found a runed translucent gate.
  3370 | D:4      | Found a runed translucent gate.
  3371 | D:4      | Noticed Gantaknows's ghost (amateur DsFi)
  3371 | D:4      | Noticed Caterwaul's ghost (amateur HuMo)
  3372 | D:4      | Noticed PiratePeteNZ's ghost (novice DrVM)
  3372 | D:4      | Noticed PiratePeteNZ's ghost (amateur DrVM)
  3372 | D:4      | Noticed edsrzf's ghost (amateur GnRe)
  3394 | D:4      | Noticed Edmund
  3396 | D:4      | Killed Edmund
  3523 | D:4      | Found an iron altar of Okawaru.
  3998 | D:5      | Entered Level 5 of the Dungeon
  4124 | D:5      | Slain by an ice beast

Illustrated notes

Levels and vault maps discovered:
D:1:      giann_horns, layout_basic, shapermc_ecumenical_altar_flowoftime
D:2:      cheibrodos_pilgrimage, layout_loops_ring, dk_noncrumbling_2,
          grunt_decor_junction, chequers_serial_rivers_small_b
D:3:      layout_basic, minitemple, mainiacjoe_overflow_catwalk,
          old_standard_altar, gup_sewer_entry_bubbles
D:4:      layout_loops_ring, lemuel_round_altar, gammafunk_ghost_cemetery,
          hex_tiny, uniq_edmund
D:5:      layout_gridville, elyvilon_altar_5

Skill      XL: |  1  2  3  4  5  6  7 |
---------------+----------------------+-----
Summonings     | 2 3 |  3.2
Invocations    | 1 2 3 |  3.1
Short Blades   | 1 2 |  2.8
Long Blades    | 1 2 |  2.8
Axes           | 1 2 |  2.8
Maces & Flails | 1 2 |  2.8
Polearms       | 1 2 |  2.8
Staves         | 1 2 |  2.8
Armour         | 1 2 |  2.8
Dodging        | 1 2 |  2.8
Shields        | 1 2 |  2.8
Unarmed Combat | 1 2 |  2.8
Evocations     | 1 2 |  2.8
Shapeshifting  | 1 2 |  2.5
Spellcasting   | 3 4 |  4.0
Conjurations   | 1 2 |  2.3
Hexes          | 1 2 |  2.3
Necromancy     | 1 2 |  2.3
Translocations | 1 2 |  2.3
Transmutations | 1 2 |  2.3
Fire Magic     | 1 2 |  2.3
Ice Magic      | 1 2 |  2.3
Air Magic      | 1 2 |  2.3
Earth Magic    | 1 2 |  2.3
Poison Magic   | 1 2 |  2.3
Stealth        | 3 |  3.7
Fighting       | 5 |  5.4
Ranged Weapons | 5 |  5.4
Throwing       | 7 |  7.2

Action                     |  1- 3 |  4- 6 |  7- 9 || total
---------------------------+-------+-------+-------++-------
  Melee: Flail             |       |       |     1 ||     1
   Fire: Sling             |    93 |   199 |    59 ||   351
  Throw: Boomerang         |     5 |     4 |       ||     9
   Cast: Summon Small Mamm |       |       |     1 ||     1
 Invoke: Draw Destruction  |       |     2 |     4 ||     6
         Draw Summoning    |       |     1 |     1 ||     2
    Use: Scroll            |       |       |     4 ||     4
 Armour: Leather armour    |    21 |    50 |    15 ||    86
  Dodge: Dodged            |    20 |    41 |     9 ||    70
   Form: Beast             |     1 |       |       ||     1

Table legend: (Time is in decaauts)
 A = Elapsed time spent in this place.
 B = Non-inter-level travel time spent in this place.
 C = Inter-level travel time spent in this place.
 D = Time resting spent in this place.
 E = Time spent auto-exploring this place.
 F = Levels seen in this place.
 G = Mean time per level.
                   A        B        C        D        E       F      G
               +--------+--------+--------+--------+--------+-----+--------+
         Total |   4303 |   4132 |    171 |    167 |   3149 |   6 |  717.2 |
       Dungeon |   3496 |   3325 |    171 |     52 |   2606 |   5 |  699.2 |
         Sewer |    807 |    807 |      0 |    115 |    543 |   1 |  807.0 |
               +--------+--------+--------+--------+--------+-----+--------+

Top non-repeatable levels by time:
     D:4: 914 daAuts
     D:1: 894 daAuts
     D:2: 851 daAuts
   Sewer: 807 daAuts
     D:3: 725 daAuts
     D:5: 109 daAuts
